 Dungeon Crawl Stone Soup version 0.31-a0-986-g5e6e4ef867 (webtiles) character file.

Game seed: 4579107822320588600

257 croobank the Sneak (level 6, 0/36 HPs)
             Began as an Octopode Fire Elementalist on Nov 3, 2023.
             Was a Believer of Wu Jian.
             Slain by an orc
             ... wielding a +0 flail
              (2 damage)
             ... on level 3 of the Dungeon.
             The game lasted 00:07:28 (2911 turns).

croobank the Sneak (Octopode Fire Elementalist)     Turns: 2911, Time: 00:07:29

Health: 0/36       AC:  1    Str:  8    XL:     6   Next: 16%
Magic:  2/10       EV: 13    Int: 19    God:    Wu Jian [**....]
Gold:   152        SH:  0    Dex: 12    Spells: 4/10 levels left

rFire   + . .        g - +3 dagger
rCold   . . .        (no shield)
rNeg    . . .        (helmet restricted)
rPois   .            (no amulet)
rElec   .            l - ring of protection from fire
rCorr   .            (no ring)
SInv    .            (no ring)
Will    .....        (no ring)
Stlth   ++++         (no ring)
HPRegen 0.26/turn    (no ring)
MPRegen 0.12/turn    (no ring)
                     (no ring)

%: no passive effects
@: no status effects
A: almost no armour, amphibious, 8 rings, camouflage 1, gelatinous body 1,
(nimble swimmer 1), tentacles
a: Renounce Religion, Wall Jump


You were on level 3 of the Dungeon.
You worshipped Wu Jian.
Wu Jian was pleased with you.
You visited 2 branches of the dungeon, and saw 5 of its levels.

You collected 152 gold pieces.

Inventory:

Hand Weapons
 e - a +0 short sword
 g - a +3 dagger (weapon)
 m - a +0 war axe
Magical Staves
 d - a staff of poison
Jewellery
 l - a ring of protection from fire (left tentacle)
Scrolls
 c - 2 scrolls of identify {unknown}
 f - a scroll of amnesia {unknown}
 h - a scroll of revelation {unknown}
 k - a scroll of noise {unknown}
 n - 2 scrolls of teleportation {unknown}
 p - a scroll of poison {unknown}
 q - a scroll of torment {unknown}
Potions
 a - a potion of magic
 i - a potion of lignification
 j - a potion of curing {unknown}
 o - a potion of haste {unknown}
 r - a potion of might {unknown}
 s - a potion of attraction {unknown}


   Skills:
 + Level 3.1 Dodging
 + Level 4.4 Stealth
 + Level 2.9 Spellcasting
 + Level 2.5 Conjurations
 + Level 1.5 Hexes
 + Level 3.9 Fire Magic


You had 4 spell levels left.
You knew the following spells:

 Your Spells              Type           Power      Damage    Failure   Level
a - Foxfire               Conj/Fire      60%        2x1d7     4%          1
b - Scorch                Fire           34%        2d6       4%          2
c - Inner Flame           Hex/Fire       13%        N/A       14%         3

Your spell library contained the following spells:

 Spells                   Type           Power      Damage    Failure   Level
 Slow                     Hex            32%        N/A       9%          1
 Volatile Blastmotes      Fire/Tloc      20%        2d11      21%         3
 Confusing Touch          Hex            8%         N/A       24%         3
 Sigil of Binding         Hex            8%         N/A       24%         3
 Flame Wave               Conj/Fire      15%        2d7       38%         4
 Vampiric Draining        Necr           2%         2d6       43%         3


Dungeon Overview and Level Annotations

Branches:
Dungeon (4/15)             Temple (1/1) D:4

Altars:
Ashenzari
Cheibriados
Fedhas
Okawaru
Qazlal
Ru
Sif Muna
Wu Jian
Zin


Innate Abilities, Weirdness & Mutations

You cannot wear most types of armour.
You are amphibious.
You can wear up to eight rings at the same time.
Your skin changes colour to match your surroundings (Stealth+).
Your rubbery body absorbs attacks. (AC +1, EV +1)
((You are camouflaged when in or above water. (Stealth+)))
You have tentacles for arms and can constrict up to eight enemies at once.


Message History

Your magical contamination has completely faded away.
There is a stone staircase leading down here.
You barely miss the orc wizard. Your squeeze misses the orc wizard.
The orc wizard is moderately wounded.
The orc wizard points at you and mumbles some strange words.
You are more confused.
The orc misses you.
You bump into the rock wall.
The orc wizard gestures at you while chanting.
The puff of flame hits you. You resist. The orc barely misses you.
You bump into the rock wall.
The orc wizard casts a spell at you.
You are more confused.
The orc hits you with a +0 flail.
You hit the orc wizard. Your squeeze misses the orc wizard.
The orc wizard is heavily wounded.
The orc wizard barely misses you. The orc barely misses you.
You bump into the rock wall.
The orc wizard barely misses you. The orc hits you with a +0 flail!
You hit the orc.
The orc is heavily wounded.
The orc wizard barely misses you. The orc hits you with a +0 flail.
You bump into the rock wall.
The orc wizard completely misses you. The orc barely misses you.
You bump into the rock wall.
The orc wizard casts a spell at you. The magic dart hits you!
* * * LOW HITPOINT WARNING * * *
The orc misses you.
It was a potion of lignification.
You turn into a tree.
Your roots penetrate the ground.
The orc wizard hits you but does no damage.
The orc hits you but does no damage.
Okay, then.
It was a potion of cancellation.
Your magical effects are unravelling.
You feel magically purged.
You feel less wooden.
You feel less confused. The orc wizard barely misses you.
The orc hits you with a +0 flail.
You die...

......####..####.#
###########
#####.........##.#
#######.#.##.#
#...##.# ###..#.#
##.#.# #...# ##oo#
##@# ###


You could see an orc wizard and an orc.

Vanquished Creatures
  A howler monkey (D:4)
  A jelly (D:3)
  A hound (D:4)
  An orc priest (D:3)
  5 adders
  A worm (D:2)
  2 dart slugs (D:1)
  2 orcs (D:3)
  4 endoplasms
  6 giant cockroaches
  7 goblins
  3 hobgoblins
  7 jackals (D:2)
  6 quokkas
  4 ball pythons
  8 bats
  3 frilled lizards
  11 kobolds
  A rat (D:1)
74 creatures vanquished.

Vanquished Creatures (others)
  91 foxfires
91 creatures vanquished.

Grand Total: 165 creatures vanquished

Notes
Turn   | Place    | Note
-------+----------+-------------------------------------------
     0 | D:1      | croobank the Octopode Fire Elementalist began the quest for
                  | the Orb.
     0 | D:1      | Reached XP level 1. HP: 11/11 MP: 3/3
   166 | D:1      | Reached XP level 2. HP: 17/17 MP: 3/5
   247 | D:1      | Reached skill level 3 in Stealth
   611 | D:1      | Found a faded altar of an unknown god.
   620 | D:1      | Prayed at the altar of an unknown god.
   620 | D:1      | Became a worshipper of the Wu Jian Council
   620 | D:1      | Reached * piety under Wu Jian
   651 | D:1      | Reached XP level 3. HP: 19/21 MP: 6/6
  1254 | D:2      | Reached XP level 4. HP: 23/27 MP: 2/7
  1324 | D:2      | Learned a level 2 spell: Scorch
  1409 | D:2      | Learned a level 3 spell: Inner Flame
  1536 | D:2      | Reached ** piety under Wu Jian
  2058 | D:3      | Reached skill level 4 in Stealth
  2058 | D:3      | Reached XP level 5. HP: 31/31 MP: 2/8
  2063 | D:3      | Reached skill level 1 in Hexes
  2708 | D:4      | Reached XP level 6. HP: 28/36 MP: 6/10
  2809 | D:4      | Found a staircase to the Ecumenical Temple.
  2817 | Temple   | Entered the Ecumenical Temple
  2909 | D:3      | HP: 1/36 [orc wizard/magic dart (10)]
  2911 | D:3      | Slain by an orc

Illustrated notes

Levels and vault maps discovered:
D:1:      lightli_arrival_lavapool, layout_loops_cross,
          ebering_ecumenical_altar_box, nicolae_eternal_life
D:2:      layout_basic, minmay_misc_feat_columns
D:3:      layout_basic
D:4:      layout_layer_cave, mainiacjoe_overflow_alcove_1,
          minmay_temple_entry_gardened_gates
Temple:   hellmonk_temple_beads

Skill      XL: |  1  2  3  4  5 |
---------------+----------------+-----
Stealth        | 3 4 |  4.4
Conjurations   | 2 |  2.5
Hexes          | 1 |  1.5
Dodging        | 3 |  3.1
Spellcasting   | |  2.9
Fire Magic     | |  3.9

Action                     |  1- 3 |  4- 6 || total
---------------------------+-------+-------++-------
  Melee: Unarmed           |    12 |       ||    12
         Constrict         |    12 |    15 ||    27
         Tentacles         |     8 |    11 ||    19
         Dagger            |    34 |    59 ||    93
         Short sword       |     1 |       ||     1
         Punch             |     1 |       ||     1
   Cast: Foxfire           |    37 |    14 ||    51
         Scorch            |       |    14 ||    14
         Inner Flame       |       |     2 ||     2
Ability: Lunge             |     5 |     9 ||    14
    Use: Potion            |       |     2 ||     2
   Stab: Sleeping          |     8 |     6 ||    14
         Distracted        |       |     1 ||     1
 Armour: Skin              |    25 |    36 ||    61
  Dodge: Dodged            |    49 |    40 ||    89

Table legend: (Time is in decaauts)
 A = Elapsed time spent in this place.
 B = Non-inter-level travel time spent in this place.
 C = Inter-level travel time spent in this place.
 D = Time resting spent in this place.
 E = Time spent auto-exploring this place.
 F = Levels seen in this place.
 G = Mean time per level.
                   A        B        C        D        E       F      G
               +--------+--------+--------+--------+--------+-----+--------+
         Total |   2910 |   2811 |     99 |    304 |   2028 |   5 |  582.0 |
       Dungeon |   2859 |   2808 |     51 |    304 |   2028 |   4 |  714.8 |
        Temple |     50 |      2 |     48 |      0 |      0 |   1 |   50.0 |
               +--------+--------+--------+--------+--------+-----+--------+

Top non-repeatable levels by time:
     D:2: 985 daAuts
     D:1: 955 daAuts
     D:3: 765 daAuts
     D:4: 153 daAuts
  Temple: 50 daAuts
